 Dungeon Crawl Stone Soup version 0.24-a0-170-gd8427f5 (webtiles) character file.

Game seed: 17102225280084622144

231 Borgoz the Sneak (level 6, -2/34 HPs)
             Began as a Gargoyle Enchanter on Mar 8, 2019.
             Blown up by Ijyb (22 damage)
             ... with a wand of disintegration (21)
             ... on level 4 of the Dungeon.
             The game lasted 00:04:34 (2901 turns).

Borgoz the Sneak (Gargoyle Enchanter)               Turns: 2901, Time: 00:04:35

Health: -2/34      AC:  9    Str: 13    XL:     6   Next: 4%
Magic:  7/9        EV: 11    Int: 15    God:
Gold:   154        SH:  0    Dex: 11    Spells: 3/9 levels left

rFire    . . .     SeeInvis +   a - +3 dagger
rCold    . . .     Gourm    .   (no shield)
rNeg     + . .     Faith    .   e - +0 ring mail
rPois    ∞         Spirit   .   (no helmet)
rElec    +         Reflect  .   (no cloak)
rCorr    .         Harm     .   (no gloves)
MR       .....                  (no boots)
Stlth    ++........             (no amulet)
HPRegen  0.11/turn              f - ring of see invisible
MPRegen  0.11/turn              (no ring)

@: no status effects
A: negative energy resistance 1, electricity resistance, unbreathing,
petrification resistance, rot immunity, AC +4
a: no special abilities


You were on level 4 of the Dungeon.
You were not hungry.

You visited 1 branch of the dungeon, and saw 4 of its levels.

You collected 154 gold pieces.

Inventory:

Hand Weapons
 a - a +3 dagger (weapon)
 b - a +0 blowgun
Missiles
 q - 2 curare-tipped needles
Armour
 e - a +0 ring mail (worn)
Jewellery
 f - a ring of see invisible (left hand)
Scrolls
 c - a scroll of fear {unknown}
 g - 2 scrolls of random uselessness {unknown}
 h - 2 scrolls of magic mapping
 i - 3 scrolls of teleportation {unknown}
 j - a scroll of enchant armour
 k - 2 scrolls of remove curse
Potions
 l - a potion of lignification
 m - a potion of might
 o - a potion of flight
Comestibles
 d - 3 rations
 n - 3 chunks of flesh


   Skills:
 + Level 1.3 Fighting
 + Level 2.6 Short Blades
 + Level 2.1 Armour
 + Level 2.2 Dodging
 + Level 4.1 Stealth
 + Level 2.1 Spellcasting
 * Level 3.6 Hexes


You had 3 spell levels left.
You knew the following spells:

 Your Spells              Type           Power        Failure   Level  Hunger
a - Corona                Hex            ##.....      11%         1    #......
b - Ensorcelled Hibernat  Hex/Ice        #.....       32%         2    ###....
c - Confuse               Hex            ##......     30%         3    ###....

Your spell library contained the following spells:

 Spells                   Type           Power        Failure   Level  Hunger
 Tukima's Dance           Hex            ##......     30%         3    ###....
 Dazzling Spray           Conj/Hex       #.....       54%         3    ###....


Dungeon Overview and Level Annotations

Branches:
Dungeon (4/15)
 Temple: D:4-7

Altars:
Trog
Zin

Annotations:
D:4 Ijyb


Innate Abilities, Weirdness & Mutations

You are resistant to torment.
Your stone body is resilient. (AC +4)
You are immune to poison.
You resist negative energy. (rN+)
You are resistant to electric shocks. (rElec)
You can survive without breathing.
You are immune to petrification.
You are immune to rotting.


Message History

It is a scroll of identify.
o - a potion of flight
As you read the scroll of identify, it crumbles to dust.
l - a potion of lignification
As you read the scroll of identify, it crumbles to dust.
m - a potion of might
As you read the scroll of identify, it crumbles to dust.
j - a scroll of enchant armour
As you read the scroll of identify, it crumbles to dust.
h - 2 scrolls of magic mapping
Okay, then.
Your magical contamination has completely faded away.
You open the door.
Ijyb the Twisted Goblin comes into view.
She is carrying a wand of disintegration (21).
There is an open door here.
Ijyb shouts!
Found a scroll of identify.
Ijyb zaps a wand.
You are blasted!
Ouch! That really hurt!
You die...

#.....#####
+.....#.....#
#+##...?.#.#####
........##.#
........#..#
........#..#
........#..# .
........#'##....
.......@........#
......g.........#
................#
................#
................#
................#
..#######+#.....#
.. .....


You could see Ijyb.

Vanquished Creatures
  A sky beast (D:4)
  4 adders
  2 worms (D:2)
  2 dart slugs
  2 leopard geckos
  An orc (D:4)
  6 giant cockroaches
  11 goblins
  10 hobgoblins
  11 jackals (D:1)
  A quokka (D:2)
  2 ball pythons
  9 bats
  8 frilled lizards
  9 kobolds
  11 rats
90 creatures vanquished.

Notes
Turn   | Place    | Note
-------+----------+-------------------------------------------
     0 | D:1      | Borgoz the Gargoyle Enchanter began the quest for the Orb.
     0 | D:1      | Reached XP level 1. HP: 10/10 MP: 3/3
   102 | D:1      | Reached XP level 2. HP: 10/15 MP: 5/5
   116 | D:1      | Reached skill level 1 in Short Blades
   563 | D:1      | Reached XP level 3. HP: 17/20 MP: 6/6
  1291 | D:2      | Reached XP level 4. HP: 24/24 MP: 7/7
  1315 | D:2      | Learned a level 2 spell: Ensorcelled Hibernation
  1319 | D:2      | Learned a level 3 spell: Confuse
  1816 | D:2      | Reached skill level 1 in Armour
  2426 | D:3      | Found a bloodstained altar of Trog.
  2470 | D:3      | Reached skill level 1 in Fighting
  2577 | D:3      | Found a glowing silver altar of Zin.
  2724 | D:3      | Reached XP level 5. HP: 29/29 MP: 8/8
  2809 | D:3      | Reached skill level 4 in Stealth
  2863 | D:4      | Noticed a sky beast
  2879 | D:4      | Killed a sky beast
  2879 | D:4      | Reached XP level 6. HP: 18/34 MP: 4/9
  2899 | D:4      | Noticed Ijyb
  2901 | D:4      | Blown up by Ijyb

Levels and vault maps discovered:
D:1:      dpeg_arrival_prison, layout_loops_cross, minmay_octomino_c4
D:2:      layout_basic, serial_curves, eino_curves_01, eino_curves_01
D:3:      cheibrodos_old_hovel, layout_rooms, zin_academy,
          nicolae_overflow_crystal_walls, first_ration,
          hangedman_abyss_or_decor_lesser_grid
D:4:      layout_gridville, kennysheep_mini_moat, uniq_natasha, uniq_duvessa,
          uniq_ijyb, uniq_crazy_yiuf_cottage

Skill      XL: |  1  2  3  4  5 |
---------------+----------------+-----
Short Blades   | 1 2 |  2.6
Hexes          | 3 |  3.6
Dodging        | 2 |  2.2
Armour         | 1 2 |  2.1
Fighting       | 1 |  1.3
Stealth        | 4 |  4.1
Spellcasting   | |  2.1

Action                   |  1- 3 |  4- 6 || total
-------------------------+-------+-------++-------
Melee: Dagger            |   220 |   169 ||   389
 Cast: Ensorcelled Hiber |       |     1 ||     1
  Use: Scroll            |       |     6 ||     6
 Stab: Sleeping          |     5 |     2 ||     7
  Eat: Chunk             |     1 |     6 ||     7
Armor: Robe              |    10 |       ||    10
       Ring mail         |    94 |    70 ||   164
Dodge: Dodged            |   116 |    92 ||   208

Table legend:
 A = Non-vault XP
 B = Vault XP
 C = Vault XP percentage of total XP
 D = Non-vault monster count
 E = Vault monster count
 F = Vault count percentage of total count
                 A         B        C        D         E       F
            +---------+---------+-------+---------+---------+-------
      Total |     314 |      17 |   5.1 |      79 |      11 |  12.2
            +---------+---------+-------+---------+---------+-------
        D:1 |      62 |      15 |  19.5 |      36 |      10 |  21.7
        D:2 |      72 |       0 |   0.0 |      27 |       0 |   0.0
        D:3 |      50 |       2 |   3.8 |      14 |       1 |   6.7
        D:4 |     130 |       0 |   0.0 |       2 |       0 |   0.0
            +---------+---------+-------+---------+---------+-------
